 Dungeon Crawl Stone Soup version 0.27-a0-1188-g73eefd5def (webtiles) character file.

Game seed: 6572316769518675177

287178 rjrrt the Executioner (level 19, -4/165 (178) HPs)
             Began as a Minotaur Berserker on May 20, 2021.
             Was the Champion of Trog.
             Slain by an ancient champion
             ... wielding a +2 great mace of draining
              (30 damage)
             ... on level 1 of the Crypt on May 21, 2021.
             The game lasted 01:27:40 (50991 turns).

rjrrt the Executioner (Minotaur Berserker)         Turns: 50991, Time: 01:27:41

HP:   -4/165 (178)  AC: 26    Str: 28    XL:     19   Next: 85%
MP:   18/18         EV: 18    Int:  4    God:    Trog [******]
Gold: 3806          SH:  0    Dex: 17    Spells: 18/18 levels left

rFire    . . .     SeeInvis +   a - +4 executioner's axe (flame)
rCold    . . .     Faith    +   (shield currently unavailable)
rNeg     + . .     Spirit   .   W - +0 storm dragon scales
rPois    +         Reflect  .   A - +0 hat
rElec    +         Harm     .   j - +0 cloak
rCorr    .         Rampage  .   Z - +0 pair of gloves "Xeuwkot" {Drain Dex+7 Slay+4 SInv}
Will     ++++.                  w - +2 pair of boots
Stlth    +.........             Q - amulet of faith
HPRegen  0.37/turn              f - ring "Meowu" {rPois rN+ Will+++ Str-4 Stlth+}
MPRegen  0.16/turn              F - ring "Qogadaos" {+Blink rPois Str+2 Stlth+}

@: studying Armour, drained
A: horns 2, retaliatory headbutt
}: 2/15 runes: decaying, gossamer
a: Renounce Religion, Evoke Blink, Berserk, Trog's Hand, Brothers in Arms


You were on level 1 of the Crypt.
You worshipped Trog.
Trog was exalted by your worship.
You visited 6 branches of the dungeon, and saw 32 of its levels.
You also visited: Gauntlet.

You collected 4366 gold pieces.
You spent 560 gold pieces at shops.

Inventory:

Hand Weapons
 a - a +4 executioner's axe of flaming (weapon)
 b - a +8 demon trident
 m - a +7 antimagic executioner's axe
 E - a +3 vorpal executioner's axe
Missiles
 u - 6 throwing nets
 H - 14 silver boomerangs (quivered)
 O - 16 silver javelins
Armour
 j - a +0 cloak (worn)
 w - a +2 pair of boots (worn)
 A - a +0 hat (worn)
 W - +0 storm dragon scales (worn)
 Z - the +0 pair of gloves "Xeuwkot" (worn) {Drain Dex+7 Slay+4 SInv}
   (You found it in a Gauntlet)

   It affects your dexterity (+7).
   It affects your accuracy and damage with ranged weapons and melee attacks
   (+4).
   It lets you see invisible.
   It drains your maximum health when unequipped.
Jewellery
 f - the ring "Meowu" (left hand) {rPois rN+ Will+++ Str-4 Stlth+}
   (You acquired it on level 1 of the Vaults)

   [ring of positive energy]

   It affects your strength (-4).
   It protects you from poison.
   It protects you from negative energy.
   It greatly increases your willpower.
   It makes you more stealthy.
 s - a ring of protection from fire
 F - the ring "Qogadaos" (right hand) {+Blink rPois Str+2 Stlth+}
   (You took it off a spriggan berserker on level 4 of the Swamp)

   [ring of poison resistance]

   It affects your strength (+2).
   It protects you from poison.
   It lets you blink.
   It makes you more stealthy.
 J - a +4 ring of protection
 Q - an amulet of faith (around neck)
Wands
 k - a wand of paralysis (27)
 v - a wand of polymorph (33)
 B - a wand of mindburst (19)
 I - a wand of charming (14)
 K - a wand of iceblast (29)
 L - a wand of flame (32)
Scrolls
 d - 6 scrolls of fear
 l - 2 scrolls of summoning
 o - a scroll of blinking
 r - 12 scrolls of teleportation
 x - 3 scrolls of magic mapping
 y - 3 scrolls of silence
 z - 11 scrolls of identify
 D - 2 scrolls of fog
 P - a scroll of holy word
Potions
 c - 3 potions of ambrosia
 e - 3 potions of heal wounds
 g - 8 potions of attraction
 h - 7 potions of flight
 i - 12 potions of curing
 n - 5 potions of lignification
 q - 3 potions of might
 t - 3 potions of mutation
 C - 4 potions of haste
 G - a potion of resistance
 M - 2 potions of invisibility
 N - 5 potions of cancellation


   Skills:
 + Level 17.7 Fighting
 * Level 24.2 Axes
 - Level 4.0 Throwing
 + Level 19.9 Armour
 - Level 16.0 Dodging
 - Level 14.0 Evocations


You had 18 spell levels left.
You didn't know any spells.
Your spell library was empty.

Dungeon Overview and Level Annotations

Branches:
Dungeon (15/15)            Temple (0/1) D:4            Lair (6/6) D:8
  Swamp (4/4) Lair:3       Spider (4/4) Lair:3        Slime (0/5) Lair:5
    Orc (0/2) D:12         Vaults (2/5) D:14          Crypt (1/3) Vaults:2
 Depths (0/5) D:15        Gauntlet (visited)

Altars:
Ashenzari
Cheibriados
Elyvilon
Fedhas
Gozag
Hepliaklqana
Kikubaaqudgha
Makhleb
Nemelex Xobeh
Okawaru
Ru
Sif Muna
Trog
Vehumet
Xom

Shops:
D:5 [   D:9 [   Vaults:2 *

Portals:
Trove: D:11 (give 7 potions of haste)

Annotations:
D:6 exclusion: door
D:7 2 transporters
D:12 Kirke
Spider:2 Roxanne


Innate Abilities, Weirdness & Mutations

You have a pair of horns on your head.
You reflexively headbutt those who attack you in melee.


Message History

You kill the necromancer!
Trog accepts your kill.
Trog appreciates your killing of a magic user.
The vampire knight hits you with a +0 war axe!
The vampire knight bites you but does no damage.
You slice the vampire knight!! You burn the vampire knight.
You destroy the vampire knight!
Trog accepts your kill.
Trog appreciates your killing of a magic user.
Unknown command.
The ancient champion hits you with a +2 great mace of draining.
You partially resist.
You feel drained.
Items here: $ ) ? [.
Unknown command.
You slash the ancient champion! You burn the ancient champion.
You headbutt the ancient champion, but do no damage.
The ancient champion is lightly damaged.
The ancient champion hits you with a +2 great mace of draining.
You partially resist.
You feel drained.
You slash the ancient champion! You burn the ancient champion.
The ancient champion is heavily damaged.
The ancient champion hits you with a +2 great mace of draining!!
You partially resist.
You feel drained.
Unknown command.
You hit the ancient champion but do no damage.
The ancient champion is heavily damaged.
The ancient champion hits you with a +2 great mace of draining!!
* * * LOW HITPOINT WARNING * * *
You partially resist.
You feel drained.
* * * LOW HITPOINT WARNING * * *
The ancient champion hits you with a +2 great mace of draining!!
* * * LOW HITPOINT WARNING * * *
You partially resist.
You feel drained.
* * * LOW HITPOINT WARNING * * *
You are too injured to fight recklessly!
Unknown command.
You hit the ancient champion. You burn the ancient champion.
The ancient champion is heavily damaged.
The ancient champion hits you with a +2 great mace of draining!!
You die...

#.....# #.....###
##...## #........
#.....# #........ .
##...## #........
..####'''####.........
.......................
.......⌠................
........))..............
.......Z.@..............
..........z.............
...........)............
........................
........................
........................
........................
........................
...........§§§W§......


You could see an ancient champion (fast) and an iron troll skeleton.

Vanquished Creatures
  Nikola (Spider:3)
  Arachne (Spider:2)
  Jorgrun (Spider:2)
  The ghost of leviel the Hoplite, an adept MiFi of Okawaru (Spider:4)
  Asterion (Spider:1)
  An ancient champion (Crypt:1)
  2 sphinxes
  A tengu reaver (Vaults:2)
  2 thorn hunters (Swamp:4)
  A revenant (Crypt:1)
  6 ghost moths
  5 emperor scorpions
  A vault warden (Vaults:2)
  Aizul (Vaults:1)
  A curse skull (Crypt:1)
  4 very ugly things (Vaults:2)
  3 ironbound preservers (Vaults:2)
  2 vampire knights (Crypt:1)
  A minotaur (Gauntlet)
  An entropy weaver (Spider:3)
  3 spark wasps (Spider:4)
  8 dire elephants
  3 bunyips
  3 eleionomae
  2 eidola
  A fire dragon (Lair:6)
  A deep elf death mage (Vaults:2)
  4 yaktaur captains (Vaults:2)
  3 shambling mangroves
  A rakshasa (D:14)
  Harold (D:10)
  2 great orbs of eyes (Vaults:2)
  2 ghost crabs
  3 ironbound thunderhulks
  5 boulder beetles
  2 hell beasts (Gauntlet)
  An ice dragon (Lair:6)
  A catoblepas (Lair:6)
  36 hydras
  25 centaur warriors
  5 two-headed ogres
  An ironbound frostheart (Vaults:2)
  2 dancing weapons (D:14)
  2 tengu warriors
  13 alligators
  A death knight (Vaults:2)
  10 death yaks
  4 ironbound beastmasters
  Urug (Lair:4)
  2 vampire magi
  A storm dragon zombie (Crypt:1)
  A spriggan berserker (Swamp:4)
  A soul eater (Crypt:1)
  Nergalle (D:10)
  8 skeletal warriors
  2 bunyip zombies (Swamp:2)
  12 deep trolls (Vaults:2)
  5 goliath frogs
  11 swamp dragons
  6 wizards
  A spriggan druid (Swamp:1)
  7 bog bodies
  A flayed ghost (Crypt:1)
  An orc knight (D:15)
  6 ironbound convokers
  A harpy (Vaults:2)
  3 deep elf pyromancers
  2 lindwurms (Lair:6)
  20 orb spiders
  4 necromancers
  4 will-o-the-wisps (Swamp:4)
  A frost giant zombie (D:15)
  2 cyclopes (D:13)
  15 ugly things
  A stone giant zombie (D:15)
  A shadow dragon skeleton (D:15)
  An orc sorcerer (Vaults:1)
  4 manticores
  28 wolf spiders
  7 black mambas
  12 elephants
  A gargoyle (D:11)
  4 vault sentinels
  Maggie (Lair:1)
  An eye of devastation (Lair:5)
  A storm dragon simulacrum (Crypt:1)
  7 torpor snails
  A shock serpent skeleton (Crypt:1)
  16 cane toads
  2 unseen horrors
  4 rime drakes
  4 freezing wraiths
  7 komodo dragons
  A tengu conjurer (Swamp:3)
  17 yaktaurs
  3 guardian mummies
  An anaconda simulacrum (Crypt:1)
  18 demonic crawlers
  A hydra zombie (Swamp:2)
  27 jumping spiders
  25 hornets
  3 trolls
  A meliai (D:12)
  A polar bear (Lair:5)
  23 slime creatures
  14 tyrant leeches
  7 dream sheep (Lair:6)
  Grinder (D:4)
  A moth of wrath zombie (Crypt:1)
  18 blink frogs
  76 redbacks
  4 flying skulls (Crypt:1)
  6 spriggans
  A satyr skeleton (Crypt:1)
  A centaur simulacrum (D:15)
  A shadow (D:12)
  25 tarantellas
  11 wyverns
  An ettin skeleton (D:15)
  7 wraiths
  62 yaks
  Eustachio (D:5)
  4 basilisks
  Edmund (D:5)
  14 vampire mosquitoes
  3 steam dragons
  Menkaure (D:7)
  3 wargs
  17 swamp worms
  10 water moccasins
  Duvessa (D:5)
  A hydra simulacrum (Swamp:2)
  13 swamp drakes
  A floating eye (Lair:5)
  3 hell hounds
  7 orc warriors
  3 sky beasts
  An ice dragon simulacrum (Crypt:1)
  2 black bears
  2 ogres (D:6)
  21 wolves
  6 centaurs
  A phantom (D:5)
  5 kobold brigands
  14 bullfrogs
  6 scorpions
  A wyvern zombie (D:8)
  A gnoll sergeant (D:8)
  Dowan (D:5)
  A water moccasin zombie (D:5)
  A water moccasin skeleton (D:6)
  5 killer bees (D:7)
  A troll zombie (Crypt:1)
  A swamp dragon simulacrum (Swamp:2)
  9 wights (D:9)
  4 howler monkeys
  4 electric eels
  2 human zombies (Crypt:1)
  3 hounds
  11 orc priests
  3 jellies
  Crazy Yiuf (D:6)
  A centaur skeleton (D:5)
  2 bullfrog skeletons (D:6)
  8 hell rats (Lair:5)
  A human skeleton (Crypt:1)
  5 iguanas
  7 orc wizards
  A killer bee zombie (D:8)
  A deep dwarf zombie (Crypt:1)
  A hound zombie (Crypt:1)
  5 mummies (Crypt:1)
  2 howler monkey zombies (D:9)
  A howler monkey skeleton (D:6)
  4 gnolls
  5 adders
  2 shadow imps (D:6)
  5 white imps
  3 worms
  3 dart slugs
  35 orcs
  12 endoplasms
  5 giant cockroaches
  18 goblins
  9 hobgoblins
  8 jackals (D:4)
  5 quokkas
  2 ball pythons
  5 bats
  3 frilled lizards
  19 kobolds
  8 rats
  3 briar patches (Swamp:4)
  2 bushes (Lair:5)
1142 creatures vanquished.

Vanquished Creatures (collateral kills)
  Saint Roka (Vaults:1)
  A hydra (Lair:2)
  A centaur warrior (Vaults:1)
  A death yak (Lair:2)
  An ugly thing (Vaults:1)
  3 oklob plants (Lair:1)
  A cane toad (Lair:6)
  A polar bear (Lair:6)
  5 blink frogs
  6 yaks
21 creatures vanquished.

Vanquished Creatures (others)
  An orb spider (Spider:3)
  2 bloated husks
  A yak (Lair:4)
  A redback (Spider:3)
  A bullfrog (Lair:5)
  An orc (Vaults:1)
  2 briar patches (Swamp:4)
  28 foxfires (Swamp:4)
  47 fungi
  95 plants
  40 withered plants
219 creatures vanquished.

Grand Total: 1382 creatures vanquished

Notes
Turn   | Place    | Note
-------+----------+-------------------------------------------
     0 | D:1      | rjrrt the Minotaur Berserker began the quest for the Orb.
     0 | D:1      | Reached XP level 1. HP: 19/19 MP: 0/0
   102 | D:1      | Reached skill level 4 in Axes
   296 | D:1      | Reached XP level 2. HP: 26/26 MP: 1/1
   562 | D:1      | Reached skill level 5 in Axes
   700 | D:1      | Found a faded altar of an unknown god.
   706 | D:1      | Reached XP level 3. HP: 31/31 MP: 2/2
   761 | D:1      | Reached ** piety under Trog
  1205 | D:2      | Reached XP level 4. HP: 35/37 MP: 3/3
  1308 | D:2      | Reached skill level 6 in Axes
  1559 | D:2      | Reached *** piety under Trog
  1853 | D:3      | Found a hazy altar of Hepliaklqana.
  1893 | D:3      | Found a broken altar of Ashenzari.
  1894 | D:3      | Found a shimmering altar of Xom.
  1894 | D:3      | Found a sparkling altar of Nemelex Xobeh.
  2029 | D:3      | Found a blossoming altar of Fedhas.
  2138 | D:3      | Reached XP level 5. HP: 45/45 MP: 4/4
  2140 | D:3      | Reached skill level 7 in Axes
  2271 | D:3      | Found an iron altar of Okawaru.
  2273 | D:3      | Found an opulent altar of Gozag.
  2273 | D:3      | Found a white marble altar of Elyvilon.
  2274 | D:3      | Found an ancient bone altar of Kikubaaqudgha.
  3091 | D:4      | Identified the +1 ring mail of Ires {Will+}
  3118 | D:4      | Reached **** piety under Trog
  3124 | D:4      | Reached skill level 8 in Axes
  3124 | D:4      | Reached XP level 6. HP: 28/51 MP: 5/5
  3518 | D:4      | Found a burning altar of Makhleb.
  3606 | D:4      | Found a staircase to the Ecumenical Temple.
  3606 | D:4      | Noticed Grinder
  3613 | D:4      | Killed Grinder
  3614 | D:4      | Reached skill level 1 in Evocations
  4038 | D:5      | Entered Level 5 of the Dungeon
  4044 | D:5      | Reached XP level 7. HP: 57/59 MP: 6/6
  4080 | D:5      | Found Fiqarul's Armour Emporium.
  4124 | D:5      | Reached skill level 9 in Axes
  4189 | D:5      | Noticed Dowan
  4192 | D:5      | Noticed Duvessa
  4204 | D:5      | Killed Duvessa
  4209 | D:5      | Killed Dowan
  4655 | D:5      | Noticed Eustachio
  4695 | D:5      | Killed Eustachio
  4696 | D:5      | Reached XP level 8. HP: 45/67 MP: 7/7
  4857 | D:5      | Reached skill level 5 in Fighting
  4858 | D:5      | Noticed Edmund
  4870 | D:5      | Killed Edmund
  5187 | D:5      | Reached skill level 10 in Axes
  5275 | D:5      | Found a bloodstained altar of Trog.
  5275 | D:5      | Found a sacrificial altar of Ru.
  5505 | D:6      | Found a shimmering blue altar of Sif Muna.
  5880 | D:6      | Reached skill level 5 in Armour
  5933 | D:6      | Reached ***** piety under Trog
  5934 | D:6      | Reached XP level 9. HP: 29/75 MP: 8/8
  6203 | D:6      | Reached skill level 5 in Dodging
  6220 | D:6      | Reached skill level 11 in Axes
  6484 | D:6      | Identified the +8 mace of Hatred {vorpal, rPois rCorr
                  | Str+4}
  6487 | D:6      | Found a runed translucent door.
  6488 | D:6      | Noticed Crazy Yiuf
  6495 | D:6      | Killed Crazy Yiuf
  6907 | D:6      | Reached skill level 1 in Throwing
  7256 | D:6      | Found a snail-covered altar of Cheibriados.
  7613 | D:7      | Reached XP level 10. HP: 54/86 MP: 9/9
  7613 | D:7      | Noticed Menkaure
  7633 | D:7      | Killed Menkaure
  7633 | D:7      | Received a gift from Trog
  7634 | D:7      | Reached skill level 12 in Axes
  7990 | D:7      | Found a transporter.
  8007 | D:7      | Found a transporter.
  8692 | D:8      | Found a staircase to the Lair.
 10183 | Lair:1   | Entered Level 1 of the Lair of Beasts
 10200 | Lair:1   | Noticed Maggie
 10207 | Lair:1   | Noticed a four-headed hydra
 10217 | Lair:1   | Killed an eight-headed hydra
 10218 | Lair:1   | Reached skill level 5 in Evocations
 10226 | Lair:1   | Killed Maggie
 10779 | Lair:1   | Noticed a cane toad
 10793 | Lair:1   | Killed a cane toad
 10997 | Lair:1   | Noticed a cane toad
 11007 | Lair:1   | Killed a cane toad
 11008 | Lair:1   | Reached skill level 13 in Axes
 11008 | Lair:1   | Reached XP level 11. HP: 93/94 MP: 10/10
 11267 | Lair:1   | Noticed an oklob plant
 11268 | Lair:1   | Noticed an oklob plant
 11268 | Lair:1   | Noticed an oklob plant
 11288 | Lair:1   | Killed an oklob plant
 11290 | Lair:1   | Killed an oklob plant
 11293 | Lair:1   | Killed an oklob plant
 11945 | Lair:2   | Noticed an eight-headed hydra
 11959 | Lair:2   | Killed a 15-headed hydra
 12035 | Lair:2   | Noticed a four-headed hydra
 12385 | Lair:2   | Received a gift from Trog
 12506 | Lair:2   | Noticed a death yak
 12523 | Lair:2   | Noticed a death yak
 12529 | Lair:2   | Reached skill level 14 in Axes
 12529 | Lair:2   | Killed a death yak
 12530 | Lair:2   | Killed a death yak
 12782 | Lair:2   | Reached XP level 12. HP: 86/106 MP: 11/11
 12816 | Lair:2   | Reached skill level 10 in Fighting
 12824 | Lair:2   | Killed a four-headed hydra
 13106 | Lair:2   | Reached skill level 15 in Axes
 13158 | Lair:2   | Noticed a four-headed hydra
 13167 | Lair:2   | Killed a four-headed hydra
 13168 | Lair:2   | Reached skill level 10 in Armour
 14512 | Lair:3   | Received a gift from Trog
 14593 | Lair:3   | Found a hole to the Spider Nest.
 14627 | Lair:3   | Reached skill level 16 in Axes
 14916 | Lair:3   | Reached skill level 10 in Dodging
 14989 | Lair:3   | Noticed an eight-headed hydra
 15008 | Lair:3   | Killed an eight-headed hydra
 15009 | Lair:3   | Reached XP level 13. HP: 58/116 MP: 12/12
 15453 | Lair:3   | Found a staircase to the Swamp.
 16051 | Lair:4   | Noticed Urug
 16068 | Lair:4   | Killed Urug
 18190 | Lair:5   | Reached skill level 17 in Axes
 18848 | Lair:5   | Found a staircase to the Slime Pits.
 19716 | Lair:6   | Entered Level 6 of the Lair of Beasts
 19761 | Lair:6   | Found a gate leading to a gauntlet.
 19775 | Gauntlet | Entered a Gauntlet
 19775 | Gauntlet | Found a transporter.
 19775 | Gauntlet | Found a transporter.
 19776 | Gauntlet | Found a transporter.
 19792 | Gauntlet | Found a transporter.
 19805 | Gauntlet | Found a transporter.
 19810 | Gauntlet | Found a transporter.
 19835 | Gauntlet | Found a transporter.
 19835 | Gauntlet | Found a transporter.
 19896 | Gauntlet | Reached XP level 14. HP: 127/127 MP: 13/13
 19939 | Gauntlet | Identified the +1 pair of boots "Aphaf" {Contam Harm rElec
                  | rN+}
 19950 | Gauntlet | Found a transporter.
 20173 | Gauntlet | Identified the +0 pair of gloves "Xeuwkot" {Drain Dex+7
                  | Slay+4 SInv}
 20333 | Lair:6   | Received a gift from Trog
 20492 | Lair:6   | Reached skill level 18 in Axes
 21919 | Lair:6   | Found a runed translucent door.
 21925 | Lair:6   | Received a gift from Trog
 23393 | D:9      | Found Deahohasch's Antique Armour Shop.
 23405 | D:9      | Bought a glimmering plate armour for 560 gold pieces
 23405 | D:9      | Identified the +0 plate armour of Vuibbuebb {Will- Dex+4}
                  | (You bought it in a shop on level 9 of the Dungeon)
 23470 | D:9      | Reached skill level 19 in Axes
 23775 | D:10     | Entered Level 10 of the Dungeon
 23807 | D:10     | Identified a scroll of acquirement
 23807 | D:10     | Acquired a manual of Evocations
 24158 | D:10     | Noticed Nergalle
 24169 | D:10     | Killed Nergalle
 24280 | D:10     | Noticed Harold
 24285 | D:10     | Killed Harold
 24488 | D:10     | Reached XP level 15. HP: 133/136 MP: 14/14
 25416 | D:11     | Found a portal to a secret trove of treasure.
 25636 | D:12     | Received a gift from Trog
 25777 | D:12     | You fall into a shaft and drop 2 floors!
 25842 | D:14     | Found a white marble altar of Elyvilon.
 26029 | D:14     | Found a gate to the Vaults.
 26292 | D:14     | Found a radiant altar of Vehumet.
 27309 | D:12     | Found a shimmering altar of Xom.
 27309 | D:12     | Found a staircase to the Orcish Mines.
 27309 | D:12     | Noticed Kirke
 28090 | D:15     | Entered Level 15 of the Dungeon
 28915 | D:15     | Found a sparkling altar of Nemelex Xobeh.
 28943 | D:15     | Identified the +2 scale mail of the Swan {rN+++ rCorr Str+6
                  | Slay-3}
 29079 | D:15     | Found a snail-covered altar of Cheibriados.
 29141 | D:15     | Reached skill level 20 in Axes
 29147 | D:15     | Reached ****** piety under Trog
 29232 | D:15     | Received a gift from Trog
 29438 | D:15     | Found a staircase to the Depths.
 30146 | Swamp:1  | Entered Level 1 of the Swamp
 30173 | Swamp:1  | Reached XP level 16. HP: 40/147 MP: 15/15
 31968 | Swamp:2  | Identified the +9 lajatang of Action {vorpal, rElec rPois
                  | Int+2 SInv}
 32543 | Swamp:3  | Received a gift from Trog
 32964 | Swamp:3  | Reached skill level 10 in Evocations
 33070 | Swamp:3  | Reached skill level 15 in Fighting
 33491 | Swamp:4  | Entered Level 4 of the Swamp
 33990 | Swamp:4  | Acquired a manual of Armour
 34010 | Swamp:4  | Noticed a thorn hunter
 34054 | Swamp:4  | Killed a thorn hunter
 34075 | Swamp:4  | Reached skill level 15 in Armour
 34383 | Swamp:4  | Acquired 926 gold pieces
 34555 | Swamp:4  | Reached skill level 21 in Axes
 35797 | Swamp:4  | Paralysed by a hornet for 2 turns
 35993 | Swamp:4  | Identified the ring "Qogadaos" {+Blink rPois Str+2 Stlth+}
 36021 | Swamp:4  | Reached XP level 17. HP: 33/156 MP: 9/16
 36788 | Swamp:4  | Received a gift from Trog
 36908 | Swamp:4  | Got a decaying rune of Zot
 37101 | Spider:1 | Entered Level 1 of the Spider Nest
 37788 | Spider:1 | Noticed Asterion
 37810 | Spider:1 | Killed Asterion
 38850 | Spider:2 | Identified Roxanne's Compendium of Stones
 38850 | Spider:2 | Noticed Roxanne
 39241 | Spider:3 | Received a gift from Trog
 39359 | Spider:3 | Noticed Arachne
 39360 | Spider:3 | Noticed Jorgrun
 39542 | Spider:2 | Killed Jorgrun
 39578 | Spider:2 | Killed Arachne
 39579 | Spider:2 | Reached skill level 22 in Axes
 40052 | Spider:3 | Noticed Nikola
 40092 | Spider:3 | Killed Nikola
 41498 | Spider:4 | Entered Level 4 of the Spider Nest
 41507 | Spider:4 | Noticed leviel's ghost (adept MiFi)
 41622 | Spider:4 | Found a transporter.
 41645 | Spider:4 | Reached XP level 18. HP: 161/166 MP: 0/17
 42084 | Spider:4 | Reached skill level 15 in Dodging
 42498 | Spider:4 | Found a transporter.
 42580 | Spider:4 | Received a gift from Trog
 42594 | Spider:4 | Killed leviel's ghost
 43592 | Spider:4 | Received a gift from Trog
 44343 | Spider:4 | Got a gossamer rune of Zot
 44755 | Vaults:1 | Entered Level 1 of the Vaults
 44829 | Vaults:1 | Noticed Saint Roka
 44830 | Vaults:1 | Noticed Aizul
 44840 | Vaults:1 | Killed Aizul
 44842 | Vaults:1 | Killed Saint Roka
 45226 | Vaults:1 | Reached skill level 23 in Axes
 45911 | Vaults:1 | Identified the +7 great sword of the People {vorpal, rPois
                  | Str+2} (Trog gifted it to you on level 1 of the Vaults)
 45911 | Vaults:1 | Received a gift from Trog
 46321 | Vaults:1 | Acquired the ring "Meowu" {rPois rN+ Will+++ Str-4 Stlth+}
 46765 | Vaults:2 | Reached XP level 19. HP: 154/174 MP: 18/18
 47269 | Vaults:2 | Received a gift from Trog
 48252 | Vaults:2 | Identified the +1 scale mail "Puwn" {rF+}
 48871 | Vaults:2 | Received a gift from Trog
 49016 | Vaults:2 | Found a staircase to the Crypt.
 49540 | Vaults:2 | Found Keraehir's Assorted Antiques.
 49842 | Crypt:1  | Entered Level 1 of the Crypt
 50161 | Crypt:1  | Reached skill level 24 in Axes
 50586 | Crypt:1  | Received a gift from Trog
 50991 | Crypt:1  | Slain by an ancient champion

Illustrated notes

Levels and vault maps discovered:
D:1:      wander_arrival_fairy_ring, layout_loops_cross,
          ebering_ecumenical_altar_webs
D:2:      minmay_recursive_quarters, layout_basic, st_stairs_9
D:3:      layout_basic, grunt_temple_overflow_open,
          nicolae_hepliaklqana_hazy_memory, general_overflow_altar,
          hangedman_decor_opposing
D:4:      minmay_skewed_foursquare, layout_cave_pods, lemuel_round_altar,
          minmay_temple_entry_fiery, hangedman_feature_mirror, uniq_grinder
D:5:      layout_layer_cave, amethyst_overflow_temple_binary, serial_shops,
          shop_fountains, hangedman_abyss_or_decor_lesser_grid, uniq_edmund,
          uniq_eustachio, uniq_duvessa
D:6:      cheibrodos_barr_body, layout_basic, led_sif_book,
          nicolae_overflow_hidden_temple, uniq_crazy_yiuf_cottage
D:7:      gammafunk_steamed_eel, layout_basic, serial_aquarium,
          aquarium_bridge_square [aquarium_subvault_bridge,
          aquarium_subvault_bridge, aquarium_subvault_window,
          aquarium_subvault_bridge], aquarium_bridge_square
          [aquarium_subvault_wall, aquarium_subvault_bridge,
          aquarium_subvault_window, aquarium_subvault_window],
          aquarium_window_1, aquarium_window_1, aquarium_view_2f,
          aquarium_view_2e, aquarium_pool_corner, uniq_menkaure
D:8:      layout_rooms, erik_lair_orcish_takeover, minmay_unpleasant_kobolds
D:9:      layout_layer_cave, serial_shops, shop, minmay_crystal_room
D:10:     layout_loops_corners, uniq_nergalle, uniq_harold
D:11:     layout_loops_ring, nicolae_trove_entry_columns
D:12:     minmay_inner_zag, layout_cross, orc_0_dummy, xom_teletrap_fun,
          uniq_kirke
D:13:     layout_rooms
D:14:     layout_loops_ring, erik_vaults_1, nicolae_vehumet_altar_sigil,
          nicolae_elyvilon_peaceful_grove
D:15:     gammafunk_depths_entry_grave, layout_basic,
          nemelex_spade_bored_becter, cheibriados_altar_1
Lair:1:   layout_regular_city, lemuel_fruit_tree, minmay_lair_oklob_chamber,
          serial_bayou_shore_b, uniq_maggie
Lair:2:   layout_regular_city, grunt_megastairs_5
Lair:3:   layout_chaotic_city, swamp_mist_pool, spider_nest_entry_webs
Lair:4:   layout_regular_city, wad_woods_road_06, pond, serial_bayou_shore_a,
          uniq_urug
Lair:5:   layout_cave_pods, minmay_slime_entry_eyes, special_room
          [special_room_mythical_zoo], serial_bayou_pond_c, st_stairs_4,
          infiniplex_staircase_pool_2
Lair:6:   wormcave, layout_misc_corridors, hangedman_lair_in_review,
          gauntlet_entry_generic, bobbens_ice_dragon_lair
Swamp:1:  layout_basic_swamp, evilmike_swamp_ruin_house_1, swamp_pool3,
          hangedman_swamp_wriggling, infiniplex_staircase_pool
Swamp:2:  layout_basic_swamp, evilmike_swamp_ruin_house_2,
          nicolae_swamp_necromancer_hut
Swamp:3:  layout_basic_swamp, evilmike_swamp_ruin_house_5, kb_tengu_band
Swamp:4:  swamp_basic_johnstein, layout_basic_swamp, swamp_pool5
Spider:1: layout_spider_delve, drop_trap, hangedman_spider_tarantella_strand,
          uniq_azrael, uniq_asterion
Spider:2: layout_spider_delve, uniq_roxanne
Spider:3: layout_spider_delve, nicolae_orb_island, uniq_jorgrun, uniq_nikola,
          uniq_arachne
Spider:4: spider_rune_water, gammafunk_ghost_arena
Vaults:1: v_pattern_2, vaults_mumra_lcd, hangedman_vaults_maws,
          grunt_vaults_diagonal, nicolae_vaults_shelves_hall,
          layout_vaults_quadrants, uniq_saint_roka, uniq_aizul
Vaults:2: nicolae_vaults_twisting_passages, minmay_crypt_entry_simple_round,
          vaults_standard_mumra_lines, nicolae_vaults_rhombus_6, v_pattern_3,
          hangedman_vaults_locks, ontoclasm_vaults_spin, v_misc_10,
          vaults_room_large_hall, v_misc_19, vaults_room_pool,
          layout_vaults_maze, serial_shops, shop, uniq_margery
Crypt:1:  layout_regular_city, st_shrine_of_skulls,
          grunt_crypt_arrival_guarded_gate

Skill      XL: |  1  2  3  4  5  6  7  8  9 10 11 12 13 14 15 16 17 18 19 |
---------------+----------------------------------------------------------+-----
Axes           | 4 5 6 8 9 10 11 13 14 16 17 19 20 21 22 23 24 | 24.2
Fighting       | 4 6 7 8 9 11 12 13 14 15 16 17 | 17.7
Armour         | 3 4 5 6 7 9 10 12 13 14 15 17 18 19 | 19.9
Evocations     | 1 2 3 4 5 6 8 10 12 13 14 | 14.0
Dodging        | 3 4 6 7 8 10 11 12 13 14 15 16 | 16.0
Throwing       | 2 4 |  4.0

Action                   |  1- 3 |  4- 6 |  7- 9 | 10-12 | 13-15 | 16-18 | 19-21 || total
-------------------------+-------+-------+-------+-------+-------+-------+-------++-------
Melee: Hand axe          |    63 |   120 |   298 |   211 |       |       |       ||   692
       Headbutt          |     8 |    22 |    74 |   126 |   244 |   258 |    98 ||   830
       Mace              |       |       |    11 |    33 |    10 |       |       ||    54
       Battleaxe         |       |       |       |    50 |   451 |   617 |       ||  1118
       War axe           |       |       |       |   231 |   227 |       |       ||   458
       Demon trident     |       |       |       |       |    81 |       |       ||    81
       Executioner's axe |       |       |       |       |       |   280 |   295 ||   575
Throw: Boomerang         |       |       |     1 |     3 |    14 |     3 |       ||    21
Invok: Berserk           |     2 |     2 |     5 |     7 |     8 |     6 |     2 ||    32
       Brothers in Arms  |       |       |       |     4 |     4 |     3 |       ||    11
       Trog's Hand       |       |       |       |       |     2 |     2 |       ||     4
Evoke: Wand              |       |       |       |     1 |     5 |    28 |       ||    34
  Use: Scroll            |       |     9 |     2 |     5 |    18 |    13 |     3 ||    50
       Potion            |       |       |       |       |     2 |     4 |       ||     6
 Stab: Distracted        |       |       |       |       |       |     2 |       ||     2
Armor: Animal skin       |    11 |     8 |       |       |       |       |       ||    19
       Chain mail        |       |     8 |       |       |   101 |       |       ||   109
       Ring mail         |       |     7 |    98 |    27 |       |       |       ||   132
       Plate armour      |       |       |       |    42 |       |       |       ||    42
       Acid dragon scale |       |       |       |   196 |    85 |       |       ||   281
       Storm dragon scal |       |       |       |       |   108 |   421 |   162 ||   691
       Scale mail        |       |       |       |       |     2 |       |       ||     2
       Swamp dragon scal |       |       |       |       |     5 |   202 |       ||   207
Dodge: Dodged            |    37 |    50 |   148 |   295 |   455 |   856 |   215 ||  2056

Table legend: (Time is in decaauts)
 A = Elapsed time spent in this place.
 B = Non-inter-level travel time spent in this place.
 C = Inter-level travel time spent in this place.
 D = Time resting spent in this place.
 E = Time spent auto-exploring this place.
 F = Levels seen in this place.
 G = Mean time per level.
                   A        B        C        D        E       F      G
               +--------+--------+--------+--------+--------+-----+--------+
         Total |  51149 |  48928 |   2221 |  11609 |  28355 |  33 | 1550.0 |
       Dungeon |  17313 |  16463 |    850 |   1223 |  12916 |  15 | 1154.2 |
          Lair |  12998 |  12115 |    883 |   2960 |   6954 |   6 | 2166.3 |
         Swamp |   6899 |   6679 |    220 |   2747 |   2192 |   4 | 1724.8 |
   Spider Nest |   7300 |   7119 |    181 |   2927 |   2680 |   4 | 1825.0 |
        Vaults |   5435 |   5351 |     84 |   1230 |   3385 |   2 | 2717.5 |
         Crypt |    761 |    761 |      0 |    329 |    228 |   1 |  761.0 |
      Gauntlet |    441 |    441 |      0 |    191 |      0 |   1 |  441.0 |
               +--------+--------+--------+--------+--------+-----+--------+

Top non-repeatable levels by time:
Vaults:2: 3526 daAuts
 Swamp:4: 3490 daAuts
Spider:4: 2882 daAuts
  Lair:6: 2653 daAuts
  Lair:4: 2351 daAuts
  Lair:1: 2214 daAuts
  Lair:3: 2213 daAuts
     D:6: 1979 daAuts
  Lair:2: 1951 daAuts
Vaults:1: 1908 daAuts
Spider:3: 1762 daAuts
    D:15: 1714 daAuts
     D:7: 1709 daAuts
  Lair:5: 1614 daAuts
Spider:1: 1482 daAuts
